 Dungeon Crawl Stone Soup version 0.26.0-10-g1f06aea511 (webtiles) character file.

Game seed: 7717837808958613253

107 Borgoz the Skirmisher (level 4, -2/40 HPs)
             Began as a Ghoul Monk on Jan 15, 2021.
             Slain by an ogre
             ... wielding a +0 giant club
              (11 damage)
             ... on level 4 of the Dungeon.
             The game lasted 00:02:37 (2176 turns).

Borgoz the Skirmisher (Ghoul Monk)                  Turns: 2176, Time: 00:02:38

Health: -2/40      AC:  6    Str: 20    XL:     4   Next: 86%
Magic:  3/3        EV: 12    Int:  5    God:
Gold:   116        SH:  0    Dex: 12    Spells: 3/3 levels left

rFire    + . .     SeeInvis .   a - +0 falchion
rCold    + . .     Faith    .   (no shield)
rNeg     + + +     Spirit   .   n - +0 ring mail
rPois    ∞         Reflect  .   (no helmet)
rElec    .         Harm     .   (no cloak)
rCorr    .         Rampage  .   q - +0 pair of gloves
Will     .....                  (no boots)
Stlth    +.........             (no amulet)
HPRegen  0.00/turn              h - ring of protection from fire
MPRegen  0.08/turn              k - +6 ring of strength

@: mighty, very slightly contaminated, invisible
A: claws 1, cold resistance 1, negative energy resistance 3, inhibited
regeneration, torment resistance, unbreathing
a: no special abilities


You were on level 4 of the Dungeon.
You visited 1 branch of the dungeon, and saw 4 of its levels.

You collected 116 gold pieces.

Inventory:

Hand Weapons
 a - a +0 falchion (weapon)
Armour
 n - a +0 ring mail (worn)
 q - a +0 pair of gloves (worn)
Jewellery
 h - a ring of protection from fire (left hand)
 k - a +6 ring of strength (right hand)
Scrolls
 b - a scroll of magic mapping {unknown}
 c - a scroll of immolation {unknown}
 e - 2 scrolls of teleportation {unknown}
 l - 2 scrolls of identify {unknown}
 m - 3 scrolls of blinking {unknown}
 o - a scroll of remove curse {unknown}
Potions
 d - a potion of might
 g - a potion of haste {unknown}
 i - 2 potions of brilliance {unknown}
 j - a potion of mutation {unknown}
 p - a potion of degeneration {unknown}


   Skills:
 + Level 3.9 Fighting
 * Level 3.7 Long Blades
 + Level 1.4 Armour
 + Level 3.2 Dodging
 - Level 2.1 Stealth


You had 3 spell levels left.
You didn't know any spells.
Your spell library was empty.

Dungeon Overview and Level Annotations

Branches:
Dungeon (3/15)

Altars:


Innate Abilities, Weirdness & Mutations

You thrive by killing the living.
You are immune to poison.
You have sharp fingernails.
Your flesh is cold resistant. (rC+)
You are immune to negative energy. (rN+++)
You do not regenerate when monsters are visible.
You are immune to unholy pain and torment.
You can survive without breathing.


Message History

Ouch! That really hurt!
* * * LOW HITPOINT WARNING * * *
The adder closely misses you. The frilled lizard misses you.
It was a potion of might.
You feel very mighty all of a sudden. The ogre barely misses you.
The adder barely misses you.
You riposte.
You slash the adder!
The adder is severely wounded.
The frilled lizard bites you but does no damage.
It was a potion of invisibility.
You fade into invisibility!
The adder misses you.
You riposte.
You slash the adder!
You kill the adder!
You feel better. The ogre closely misses you.
The frilled lizard barely misses you.
You are very lightly contaminated with residual magic.
You barely miss the ogre.
The ogre is moderately wounded.
The ogre hits you with a +0 giant club!
You die...

## .##..
......###
........###
..........#
.........@#
........JlO.#
............#
............$#
....!.......##
............#
...........#
..........#


You could see an ogre, an ooze and a frilled lizard.

Vanquished Creatures
  Jessica (D:2)
  3 adders
  A worm (D:3)
  2 dart slugs
  4 leopard geckos
  5 giant cockroaches
  A goblin (D:1)
  5 hobgoblins
  4 jackals (D:2)
  2 ball pythons (D:1)
  7 bats
  2 frilled lizards
  4 kobolds
  3 rats
44 creatures vanquished.

Notes
Turn   | Place    | Note
-------+----------+-------------------------------------------
     0 | D:1      | Borgoz the Ghoul Monk began the quest for the Orb.
     0 | D:1      | Reached XP level 1. HP: 19/19 MP: 0/0
   235 | D:1      | Reached XP level 2. HP: 26/26 MP: 1/1
   894 | D:2      | Reached XP level 3. HP: 28/31 MP: 2/2
   966 | D:2      | Noticed Jessica
   971 | D:2      | Killed Jessica
   972 | D:2      | Reached skill level 1 in Armour
  1047 | D:2      | Reached XP level 4. HP: 40/40 MP: 3/3
  1155 | D:2      | Found a faded altar of an unknown god.
  2169 | D:3      | You fall into a shaft and drop 1 floor!
  2170 | D:4      | Noticed an ogre
  2176 | D:4      | Slain by an ogre

Illustrated notes

Levels and vault maps discovered:
D:1:      minmay_arrival_up_and_down, layout_loops_ring,
          minmay_misc_feat_enclosed
D:2:      layout_basic, chequers_ecumenical_altar_grove, uniq_jessica
D:3:      layout_loops_ring, lemuel_round_altar, old_standard_altar
D:4:      layout_cave_pods, overflow_temple_1_default, minmay_misc_feat_square,
          minmay_manual_mullet

Skill      XL: |  1  2  3 |
---------------+----------+-----
Long Blades    | 3 |  3.7
Armour         | 1 |  1.4
Dodging        | 3 |  3.2
Fighting       | |  3.9
Stealth        | |  2.1

Action                   |  1- 3 |  4- 6 || total
-------------------------+-------+-------++-------
Melee: Falchion          |    64 |    77 ||   141
  Use: Potion            |       |     2 ||     2
 Stab: Sleeping          |     3 |     2 ||     5
Armor: Robe              |    14 |       ||    14
       Ring mail         |     1 |    37 ||    38
Dodge: Dodged            |    45 |    59 ||   104
       Rpst.: Falchion   |    10 |    19 ||    29
